 Dungeon Crawl Stone Soup version 0.21.0-30-g47ce8e4 (webtiles) character file.

12659 piemaster the Cleaver (level 11, -7/99 HPs)
             Began as a Minotaur Berserker on Jan 28, 2018.
             Was a High Priest of Trog.
             Killed by divine providence
             ... invoked by an orc priest
              (14 damage)
             ... on level 11 of the Dungeon.
             The game lasted 00:29:59 (11820 turns).

piemaster the Cleaver (Minotaur Berserker)         Turns: 11820, Time: 00:30:00

Health: -7/99      AC: 21    Str: 24 (26) XL:     11   Next: 65%
Magic:  3/3        EV: 10    Int:  1 (4)  God:    Trog [*****.]
Gold:   396        SH:  0    Dex:  7 (9)  Spells: 10/10 levels left

rFire    x . .     SeeInvis .   F - +7 battleaxe (antimagic)
rCold    + + .     Gourm    .   (shield currently unavailable)
rNeg     . . .     Faith    .   g - +0 plate armour
rPois    .         Spirit   .   (helmet restricted)
rElec    .         Reflect  .   u - +0 cloak
rCorr    .         Harm     .   M - +0 pair of gloves
MR       .....                  N - +1 pair of boots {Fly}
Stlth    ..........             (no amulet)
HPRegen  0.26/turn              B - ring of protection from cold
MPRegen  0.08/turn              y - ring of ice

@: flying
A: retaliatory headbutt, horns 2
a: Berserk, Trog's Hand, Brothers in Arms, Burn Spellbooks, Renounce Religion


You were on level 11 of the Dungeon.
You worshipped Trog.
Trog was extremely pleased with you.
You were hungry.

You visited 1 branch of the dungeon, and saw 11 of its levels.
You also visited: Labyrinth.

You collected 634 gold pieces.
You spent 238 gold pieces at shops.

Inventory:

Hand Weapons
 a - the +0 war axe of Totally {pain, Dex+2 SInv}
   (You bought it in a shop on level 6 of the Dungeon)

   In the hands of one skilled in necromantic magic, it inflicts extra damage on
   living creatures.
   It affects your dexterity (+2).
   It lets you see invisible.
 x - a +0 battleaxe
 F - a +7 antimagic battleaxe (weapon)
Armour
 f - a +2 ring mail of cold resistance
 g - a +0 plate armour (worn)
 u - a +0 cloak (worn)
 v - a +0 large shield
 M - a +0 pair of gloves (worn)
 N - a +1 pair of boots of flying (worn)
Jewellery
 y - a ring of ice (right hand)
 B - a ring of protection from cold (left hand)
 K - a +2 ring of protection
Wands
 n - a wand of digging (11)
 q - a wand of polymorph (21)
 s - a wand of disintegration (23)
 J - a wand of clouds (3)
Scrolls
 d - 11 scrolls of identify
 e - 4 scrolls of magic mapping
 h - 3 scrolls of remove curse
 i - 4 scrolls of fear {unknown}
 j - a scroll of random uselessness {unknown}
 l - 3 scrolls of enchant weapon {unknown}
 m - a scroll of enchant armour {unknown}
 o - 4 scrolls of fog {unknown}
 p - 8 scrolls of teleportation {unknown}
 t - 3 scrolls of amnesia {unknown}
 C - a scroll of immolation {unknown}
 D - 2 scrolls of noise {unknown}
Potions
 b - 3 potions of brilliance {unknown}
 k - 2 potions of haste
 r - 2 potions of ambrosia
 z - a potion of agility
 A - a potion of flight
 G - a potion of curing {unknown}
 H - a potion of might {unknown}
 I - a potion of heal wounds {unknown}
Books
 E - the Catalogue of Protection
   (You found it in a labyrinth)

   Spells                             Type                      Level
   a - Swiftness                      Charms/Air                   2
   b - Ozocubu's Armour               Charms/Ice                   3
   c - Spectral Weapon                Hexes/Charms                 3
   d - Iskenderun's Battlesphere      Conjuration/Charms           5
   Trog disapproves of the use of such an item.
Comestibles
 c - 15 rations


   Skills:
 + Level 9.8 Fighting
 * Level 13.1 Axes
 * Level 12.9 Armour
 + Level 8.6 Dodging


You had 10 spell levels left.
You didn't know any spells.

Dungeon Overview and Level Annotations

Branches:
Dungeon (11/15)            Temple (0/1) D:5            Lair (0/6) D:8
    Orc: D:9-12

Altars:
Elyvilon
Fedhas
Kikubaaqudgha
Okawaru
Qazlal
Trog
Uskayaw
Wu Jian

Shops:
D:6 (   D:11 %


Innate Abilities, Weirdness & Mutations

You reflexively headbutt those who attack you in melee.
You have a pair of horns on your head.


Message History

Beogh smites you!
* * * LOW HITPOINT WARNING * * *
Okay, then.
Okay, then.
It was a potion of degeneration.
There was something very wrong with that liquid.
You feel weakened.
You feel dopey.
You feel clumsy.
The orc priest hits you but does no damage.
It was a potion of flight.
You feel more buoyant. The orc priest barely misses you.
The orc warrior barely misses you.
Quiver which item? (- for none, * to show all) (? for menu, Esc to quit)
Okay, then.
Unknown command.
Unknown command.
The orc priest calls upon Beogh to heal the orc warrior.
The orc warrior is healed somewhat.
The orc priest mumbles some strange prayers to Beogh against you.
Beogh smites you!
You die...

.. #...........#<...[..###.# ...
####........#....(..'.#.### ...#
###........#...<...#.#.... .....
..#..#'#+#.####'#..#.#####
...#.###.#..#.#∩#.####.#.........
.......#.#..#.#.#...........#....
....##.#.#..#.#.#######...###.###
.........#..o.o...........#......
.......()/ooo.o.@.###.....#.#.###
....>(.(###)#.#.).........#.#.#
........'...#...........[.....##
........######.#............#..#
........# #....#######......#
........# ###....#..........#
........# ##.###.#........#
........# #.# #.#.####...##
.......(# #.# #............


You could see an orc warrior, 2 orc priests and 3 orcs.

Vanquished Creatures
  A minotaur (Lab)
  A hydra (D:11)
  4 two-headed ogres
  An unseen horror (D:11)
  2 cyclopes (D:11)
  An ugly thing (D:11)
  Maurice (D:9)
  A kobold demonologist (D:11)
  Prince Ribbit (D:6)
  A hippogriff (D:7)
  A steam dragon (D:8)
  Duvessa (D:7)
  4 sky beasts
  A black bear (D:9)
  5 ice beasts
  4 orc warriors
  2 eyes of draining (D:9)
  A necrophage (D:11)
  3 phantoms (D:10)
  6 ogres
  A centaur (D:8)
  A big kobold (D:10)
  2 bullfrogs
  A wyvern zombie (D:11)
  A water moccasin zombie (D:10)
  A hornet simulacrum (D:9)
  Dowan (D:7)
  4 scorpions
  5 wights (D:11)
  6 killer bees
  A spriggan skeleton (Lab)
  A troll skeleton (Lab)
  5 howler monkeys
  12 crimson imps
  A quasit (D:7)
  3 centaur skeletons
  5 hounds
  5 jellies
  9 orc wizards
  Crazy Yiuf (D:3)
  7 orc priests
  4 iguanas
  Natasha (thrice) (D:3)
  7 worker ants
  2 hound skeletons
  2 howler monkey zombies
  A worker ant zombie (D:10)
  Robin (D:3)
  7 adders
  A hound simulacrum (D:9)
  2 white imps (D:9)
  2 oozes
  An adder zombie (D:7)
  An adder skeleton (D:9)
  A worm (D:2)
  An adder simulacrum (D:9)
  7 leopard geckos
  34 orcs
  6 bats
  4 giant cockroaches
  3 hobgoblins
  8 jackals
  3 quokkas
  A frilled lizard (D:1)
  10 goblins (D:3)
  A jackal zombie (D:5)
  13 kobolds
  A leopard gecko skeleton (D:4)
  A leopard gecko zombie (D:6)
  6 rats
  A plant (Lab)
250 creatures vanquished.

Vanquished Creatures (others)
  A jackal (D:8)
  2 plants (D:8)
3 creatures vanquished.

Grand Total: 253 creatures vanquished

Notes
Turn   | Place    | Note
-------+----------+-------------------------------------------
     0 | D:1      | piemaster the Minotaur Berserker began the quest for the Orb.
     0 | D:1      | Reached XP level 1. HP: 19/19 MP: 0/0
   458 | D:1      | Reached XP level 2. HP: 22/27 MP: 1/1
   520 | D:1      | Reached skill level 4 in Axes
  1301 | D:2      | Reached ** piety under Trog
  1436 | D:2      | Reached XP level 3. HP: 33/33 MP: 2/2
  2090 | D:3      | Noticed Robin
  2112 | D:3      | Killed Robin
  2218 | D:3      | Found a runed door.
  2280 | D:3      | Reached XP level 4. HP: 37/40 MP: 3/3
  2402 | D:3      | Noticed Natasha
  2408 | D:3      | Killed Natasha
  2532 | D:3      | Noticed Crazy Yiuf
  2536 | D:3      | Killed Crazy Yiuf
  2536 | D:3      | Reached skill level 5 in Axes
  2663 | D:3      | Noticed Natasha
  2671 | D:3      | Killed Natasha
  2671 | D:3      | Reached XP level 5. HP: 35/47 MP: 4/4
  2687 | D:3      | Noticed Natasha
  2693 | D:3      | Killed Natasha
  3029 | D:4      | Reached XP level 6. HP: 48/53 MP: 5/5
  3259 | D:4      | Reached skill level 5 in Armour
  3899 | D:5      | Entered Level 5 of the Dungeon
  3953 | D:5      | Reached skill level 6 in Axes
  4116 | D:5      | Found a staircase to the Ecumenical Temple.
  4126 | D:5      | Reached skill level 5 in Fighting
  4255 | D:5      | Reached XP level 7. HP: 61/61 MP: 6/6
  4432 | D:5      | Reached *** piety under Trog
  4554 | D:5      | Reached skill level 7 in Axes
  4784 | D:6      | Found a hide-covered altar of Uskayaw.
  4787 | D:6      | Noticed a hand axe
  4788 | D:6      | Noticed a dagger
  4803 | D:6      | Found Etzom's Antique Weapon Emporium.
  4817 | D:6      | Bought a warped war axe for 238 gold pieces
  4817 | D:6      | Identified the cursed +0 war axe of Totally {pain, Dex+2 SInv} (You bought it in a shop on level 6 of the Dungeon)
  4931 | D:6      | Found an ancient bone altar of Kikubaaqudgha.
  4937 | D:6      | Noticed Prince Ribbit
  5497 | D:6      | Reached XP level 8. HP: 60/70 MP: 7/7
  5650 | D:6      | Killed Prince Ribbit
  5903 | D:6      | Reached skill level 8 in Axes
  6026 | D:7      | Noticed Duvessa
  6026 | D:7      | Noticed Dowan
  6037 | D:7      | Killed Dowan
  6037 | D:7      | Reached skill level 5 in Dodging
  6038 | D:7      | Killed Duvessa
  6398 | D:7      | Noticed a hippogriff
  6409 | D:7      | Killed a hippogriff
  6414 | D:7      | Reached skill level 9 in Axes
  6414 | D:7      | Reached XP level 9. HP: 55/78 MP: 8/8
  6442 | D:7      | Reached **** piety under Trog
  6591 | D:7      | Found an ornate altar of the Wu Jian Council.
  6591 | D:7      | Found an iron altar of Okawaru.
  6688 | D:7      | Found a stormy altar of Qazlal.
  7097 | D:8      | Noticed a two-headed ogre
  7106 | D:8      | Killed a two-headed ogre
  7436 | D:8      | Reached skill level 10 in Axes
  7617 | D:8      | Reached skill level 10 in Armour
  7958 | D:8      | Found a staircase to the Lair.
  7959 | D:8      | Noticed a komodo dragon
  8223 | D:9      | Noticed a two-headed ogre
  8229 | D:9      | Killed a two-headed ogre
  8229 | D:9      | Reached XP level 10. HP: 88/88 MP: 9/9
  8313 | D:9      | Reached ***** piety under Trog
  8730 | D:9      | Noticed a two-headed ogre
  8736 | D:9      | Reached skill level 11 in Axes
  8739 | D:9      | Killed a two-headed ogre
  8809 | D:9      | Noticed Maurice
  8831 | D:9      | Killed Maurice
  9400 | D:9      | Found a blossoming altar of Fedhas.
  9400 | D:9      | Found a white marble altar of Elyvilon.
  9654 | D:9      | Found a bloodstained altar of Trog.
  9757 | D:10     | Entered Level 10 of the Dungeon
  9841 | D:10     | Received a gift from Trog
 10002 | D:10     | Noticed a two-headed ogre
 10009 | D:10     | Killed a two-headed ogre
 10009 | D:10     | Reached skill level 12 in Axes
 10009 | D:10     | Reached XP level 11. HP: 53/97 MP: 3/10
 10459 | D:11     | Killed an unseen horror
 10591 | D:11     | Found a labyrinth entrance.
 10599 | Lab      | Entered a labyrinth
 10776 | Lab      | Noticed a minotaur
 10782 | Lab      | Killed a minotaur
 10790 | Lab      | Identified the Catalogue of Protection
 10792 | Lab      | Got a bronze leather armour
 10819 | Lab      | Identified the +3 leather armour of Qugiq {Dex+3} (You found it in a labyrinth)
 10907 | D:11     | Noticed a green ugly thing
 10915 | D:11     | Killed a green ugly thing
 11259 | D:11     | Reached skill level 13 in Axes
 11469 | D:11     | Noticed a six-headed hydra
 11487 | D:11     | Killed a ten-headed hydra
 11753 | D:11     | Found Ishryagu's Food Shoppe.
 11820 | D:11     | Killed from afar by an orc priest

Skill      XL: |  1  2  3  4  5  6  7  8  9 10 11 |
---------------+----------------------------------+-----
Axes           | 4 5 6 7 9 10 12 13 | 13.1
Armour         | 3 4 5 6 8 10 11 12 | 12.9
Fighting       | 4 5 6 8 9 |  9.8
Dodging        | 3 4 5 6 7 8 |  8.6

Action                   |  1- 3 |  4- 6 |  7- 9 | 10-12 || total
-------------------------+-------+-------+-------+-------++-------
Melee: Hand axe          |    85 |    82 |    33 |       ||   200
       Headbutt          |    12 |    21 |    57 |    47 ||   137
       War axe           |       |       |   228 |   105 ||   333
       Battleaxe         |       |       |       |   139 ||   139
Invok: Berserk           |     1 |     1 |     8 |     7 ||    17
       Burn Spellbooks   |       |       |     2 |       ||     2
Evoke: Wand              |       |       |       |     6 ||     6
  Use: Scroll            |       |     3 |       |     2 ||     5
       Potion            |       |       |       |     3 ||     3
  Eat: Chunk             |     5 |     5 |    11 |     5 ||    26
       Ration            |       |     1 |     2 |     4 ||     7
Armor: Animal skin       |     8 |       |       |       ||     8
       Ring mail         |    17 |    16 |    27 |       ||    60
       Plate armour      |       |       |    75 |   186 ||   261
Dodge: Dodged            |    41 |    58 |   106 |   133 ||   338
Block: Buckler           |       |       |    26 |    18 ||    44
